 Dungeon Crawl Stone Soup version 0.23.0 (webtiles) character file.

Game seed: 7179840804342816511

67 Monsterracer the Skirmisher (level 4, -2/29 HPs)
             Began as a Gargoyle Abyssal Knight on Feb 9, 2019.
             Was a Follower of Lugonu.
             Slain by Terence
             ... wielding a +0 mace
              (3 damage)
             ... on level 2 of the Dungeon.
             The game lasted 00:01:43 (1571 turns).

Monsterracer the Skirmisher (GrAK)                  Turns: 1571, Time: 00:01:43

Health: -2/29      AC:  8    Str: 16    XL:     4   Next: 16%
Magic:  5/5        EV: 11    Int: 13    God:    Lugonu [*.....]
Gold:   99         SH:  0    Dex:  9    Spells: 3/3 levels left

rFire    . . .     SeeInvis .   a - +1 mace
rCold    . . .     Gourm    .   (no shield)
rNeg     + . .     Faith    .   b - +0 leather armour
rPois    ∞         Spirit   .   (no helmet)
rElec    +         Reflect  .   j - +0 cloak
rCorr    .         Harm     .   (no gloves)
MR       .....                  (no boots)
Stlth    +.........             (no amulet)
HPRegen  0.09/turn              (no ring)
MPRegen  0.09/turn              (no ring)

@: no status effects
A: negative energy resistance 1, electricity resistance, unbreathing,
petrification resistance, rot immunity, AC +3
a: Depart the Abyss, Renounce Religion


You were on level 2 of the Dungeon.
You worshipped Lugonu.
Lugonu was aware of your devotion.
You were not hungry.

You visited 1 branch of the dungeon, and saw 2 of its levels.
You visited the Abyss 1 time.

You collected 99 gold pieces.

Inventory:

Hand Weapons
 a - a +1 mace (weapon)
Armour
 b - a +0 leather armour (worn)
 j - a +0 cloak (worn)
Jewellery
 k - an uncursed amulet of guardian spirit {unknown}
Wands
 q - a wand of iceblast (8)
Scrolls
 d - 2 scrolls of amnesia {unknown}
 f - 3 scrolls of remove curse {unknown}
 g - 2 scrolls of enchant armour {unknown}
 i - a scroll of identify {unknown}
 l - a scroll of noise {unknown}
 m - a scroll of blinking {unknown}
 n - a scroll of teleportation {unknown}
Potions
 e - 3 potions of haste {unknown}
 h - a potion of flight {unknown}
 o - 2 potions of agility {unknown}
 p - a potion of curing {unknown}
Comestibles
 c - 3 rations


   Skills:
 + Level 4.0 Fighting
 * Level 3.4 Maces & Flails
 - Level 2.3 Armour
 - Level 1.0 Dodging
 - Level 2.1 Invocations


You had 3 spell levels left.
You didn't know any spells.
Your spell library was empty.

Dungeon Overview and Level Annotations

Branches:
Dungeon (2/15)

Altars:

Annotations:
D:2 Terence


Innate Abilities, Weirdness & Mutations

You are resistant to torment.
Your stone body is resilient. (AC +3)
You are immune to poison.
You resist negative energy. (rN+)
You are resistant to electric shocks. (rElec)
You can survive without breathing.
You are immune to petrification.
You are immune to rotting.


Message History

Terence misses you. The dart slug bites you.
You take 1 damage, and have 22/29 hp.
You hit the dart slug.
The dart slug is severely wounded.
Terence barely misses you. The dart slug launches a dart at you.
The slug dart hits you.
You take 2 damage, and have 20/29 hp.
You hit the dart slug.
You kill the dart slug!
Lugonu accepts your kill.
Terence bares his teeth.
Terence hits you but does no damage. The dart slug launches a dart at you.
The slug dart hits you but does no damage.
The dart slug bites you but does no damage.
Terence closely misses you. Terence closely misses you.
Terence barely misses you. Terence hits you with a +0 mace.
You take 1 damage, and have 19/29 hp.
Terence hits you with a +0 mace.
You take 2 damage, and have 17/29 hp.
Terence hits you but does no damage. Terence hits you but does no damage.
Terence hits you but does no damage. Terence hits you with a +0 mace.
* * * LOW HITPOINT WARNING * * *
You take 4 damage, and have 14/29 hp.
Terence hits you with a +0 mace.
* * * LOW HITPOINT WARNING * * *
You take 1 damage, and have 13/29 hp.
Terence hits you with a +0 mace.
* * * LOW HITPOINT WARNING * * *
You take 1 damage, and have 12/29 hp.
Terence barely misses you.
Unknown command.
Unknown command.
Unknown command.
Unknown command.
Unknown command.
Unknown command.
Unknown command.
Unknown command.
Unknown command.
Unknown command.
Unknown command.
Unknown command.
Unknown command.
Terence hits you with a +0 mace.
* * * LOW HITPOINT WARNING * * *
You take 4 damage, and have 8/29 hp.
Unknown command.
Terence barely misses you.
Unknown command.
Terence hits you but does no damage. Terence hits you with a +0 mace.
* * * LOW HITPOINT WARNING * * *
You take 3 damage, and have 6/29 hp.
Terence hits you but does no damage.
Unknown command.
Terence misses you.
Unknown command.
Unknown command.
Terence hits you but does no damage.
Unknown command.
Terence hits you but does no damage.
Unknown command.
Terence barely misses you.
Unknown command.
Terence closely misses you. Terence misses you.
Terence hits you with a +0 mace.
* * * LOW HITPOINT WARNING * * *
Terence closely misses you. Terence hits you but does no damage.
Unknown command.
Terence hits you but does no damage. Terence closely misses you.
Terence closely misses you. Terence hits you but does no damage.
Terence hits you with a +0 mace.
* * * LOW HITPOINT WARNING * * *
You take 5 damage, and have 1/29 hp.
Terence hits you but does no damage.
Unknown command.
Unknown command.
Terence hits you but does no damage. Terence hits you but does no damage.
Terence closely misses you. Terence barely misses you.
Terence hits you but does no damage. Terence hits you but does no damage.
Terence closely misses you. Terence misses you.
Terence hits you but does no damage. Terence hits you with a +0 mace.
* * * LOW HITPOINT WARNING * * *
Terence hits you with a +0 mace.
You die...

##.. ## ... .# ..# .#
#.##.#### ..## #.?#....#
#...###..## .## #####..
.. #wwg##.##..# .....#.#
.# ###@#.).#..#
####.#.##. #@##.#...#
#.#...# #..#..##...#
#.#...## ###.#.#.#...#
##.#....#..#.##.#.#...#
##........##.).#.#(....#
#.......###.#.#.##.##..#
##...........###(†..##.##
.....#.............)##.#
.......................#


You could see Terence, a dart slug and a hobgoblin.

Vanquished Creatures
  2 adders (D:2)
  2 worms (D:2)
  3 dart slugs
  A leopard gecko (D:1)
  2 giant cockroaches
  5 goblins
  A hobgoblin (D:1)
  7 kobolds
  A ball python (D:1)
  6 bats
  3 frilled lizards
  7 rats
40 creatures vanquished.

Notes
Turn   | Place    | Note
-------+----------+-------------------------------------------
     0 | Abyss:1  | Monsterracer the Gargoyle Abyssal Knight began the quest
                  | for the Orb.
     0 | Abyss:1  | Reached XP level 1. HP: 14/14 MP: 2/2
     7 | Abyss:1  | Found a corrupted altar of Lugonu.
    75 | Abyss:1  | Noticed a small abomination
    84 | D:1      | Escaped the Abyss
   176 | D:1      | Reached skill level 1 in Dodging
   176 | D:1      | Reached XP level 2. HP: 16/19 MP: 3/3
   561 | D:1      | Reached * piety under Lugonu
   864 | D:2      | Reached XP level 3. HP: 23/23 MP: 4/4
  1061 | D:2      | HP: 10/24 [worm (7)]
  1333 | D:2      | Reached XP level 4. HP: 29/29 MP: 5/5
  1351 | D:2      | Reached skill level 4 in Fighting
  1510 | D:2      | Noticed Terence
  1531 | D:2      | HP: 14/29 [Terence/+0 mace (4)]
  1539 | D:2      | HP: 6/29 [Terence/+0 mace (3)]
  1549 | D:2      | HP: 5/29 [Terence/+0 mace (1)]
  1557 | D:2      | HP: 1/29 [Terence/+0 mace (5)]
  1570 | D:2      | HP: 1/29 [Terence/+0 mace (1)]
  1571 | D:2      | Slain by Terence

Skill      XL: |  1  2  3  4 |
---------------+-------------+-----
Dodging        | 1 |  1.0
Maces & Flails | 3 |  3.4
Fighting       | 4 |  4.0
Armour         | |  2.3
Invocations    | |  2.1

Action                   |  1- 3 |  4- 6 || total
-------------------------+-------+-------++-------
Melee: Mace              |   106 |    25 ||   131
Invok: Depart the Abyss  |     1 |       ||     1
  Eat: Chunk             |     1 |     1 ||     2
Armor: Leather armour    |    47 |    38 ||    85
Dodge: Dodged            |    67 |    31 ||    98

Levels and vault maps discovered:
D:1:      dpeg_arrival_houses_and_road, layout_basic
D:2:      layout_loops_ring, minmay_pentomino_pile, uniq_terence
Abyss:1
